 Dungeon Crawl Stone Soup version 0.25.1-4-g9407a263a5 (webtiles) character file.

Game seed: 12054852203612235149

1036 DearestLeader the Cleaver (level 8, -16/64 HPs)
             Began as a Minotaur Berserker on Nov 28, 2020.
             Was a Priest of Trog.
             Killed from afar by an orc warrior (29 damage)
             ... with an exploding inner flame
             ... hexed by the player character
             ... on level 6 of the Dungeon on Nov 29, 2020.
             The game lasted 00:08:13 (5230 turns).

DearestLeader the Cleaver (Minotaur Berserker)      Turns: 5230, Time: 00:08:15

Health: -16/64     AC: 14    Str: 24    XL:     8   Next: 4%
Magic:  7/7        EV:  9    Int:  4    God:    Trog [***...]
Gold:   212        SH:  0    Dex: 10    Spells: 7/7 levels left

rFire    . . .     SeeInvis .   x - +1 mace (protect)
rCold    . . .     Gourm    .   (no shield)
rNeg     . . .     Faith    .   A - +0 chain mail
rPois    .         Spirit   .   (helmet restricted)
rElec    .         Reflect  .   (no cloak)
rCorr    .         Harm     .   k - +0 pair of gloves
MR       .....                  r - +2 pair of boots
Stlth    ..........             w - amulet of regeneration
HPRegen  0.60/turn              b - ring of stealth
MPRegen  0.10/turn              (no ring)

@: lethally poisoned (-16 -> -42)
A: retaliatory headbutt, horns 2
a: Berserk, Trog's Hand, Renounce Religion


You were on level 6 of the Dungeon.
You worshipped Trog.
Trog was most pleased with you.
You were not hungry.

You visited 1 branch of the dungeon, and saw 6 of its levels.

You collected 212 gold pieces.

Inventory:

Hand Weapons
 a - a +0 hand axe
 x - a +1 mace of protection (weapon)
Missiles
 n - 2 datura-tipped darts (quivered)
 v - 3 javelins
Armour
 k - a +0 pair of gloves (worn)
 r - a +2 pair of boots (worn)
 A - a +0 chain mail (worn)
Jewellery
 b - a ring of stealth (left hand)
 w - an amulet of regeneration (around neck)
Wands
 j - a wand of polymorph (8)
 u - a wand of acid (6)
Scrolls
 e - 5 scrolls of remove curse
 f - a scroll of teleportation {unknown}
 l - a scroll of magic mapping
 o - a scroll of immolation
 q - 2 scrolls of blinking {unknown}
 s - a scroll of enchant armour {unknown}
 t - 3 scrolls of enchant weapon
Potions
 d - a potion of flight {unknown}
 g - a potion of magic
 h - a potion of haste {unknown}
 i - a potion of resistance {unknown}
 m - 3 potions of heal wounds
 p - a potion of curing
Comestibles
 c - 12 rations
 z - 11 chunks of flesh


   Skills:
 - Level 3.6 Fighting
 * Level 10.0 Axes
 + Level 6.5 Armour
 - Level 2.1 Dodging


You had 7 spell levels left.
You didn't know any spells.
Your spell library was empty.

Dungeon Overview and Level Annotations

Branches:
Dungeon (6/15)             Temple (0/1) D:4

Altars:
Cheibriados
Dithmenos
The Shining One


Innate Abilities, Weirdness & Mutations

You reflexively headbutt those who attack you in melee.
You have a pair of horns on your head.


Message History

* * * LOW HITPOINT WARNING * * *
x2 You feel very sick.
The iguana bites you but does no damage.
The orc warrior is engulfed in poison gas.
The orc warrior looks even sicker.
Flame seeps out of the orc warrior.
The orc warrior hits you with a +0 battleaxe!
* * * LOW HITPOINT WARNING * * *
You feel much better.
You are engulfed in poison gas.
You are lethally poisoned!
You feel very sick.
A bullfrog zombie comes into view.
The hound is engulfed in poison gas.
The hound is poisoned.
Flame seeps out of the hound.
The hound bites you but does no damage. The iguana bites you!
* * * LOW HITPOINT WARNING * * *
The orc warrior is engulfed in poison gas.
The orc warrior looks even sicker.
The orc warrior explodes!
The fiery explosion engulfs you!!
You die...

#.).....##......+
...###)###.##..o...#
..........#
#..###..#
....#.#.#.# ...##
##.# #. ###.#.####.#
... ..#.#.§§.# ..#
####...#§## ...
#..##§§##.#
#..#§@§aZ#
#..#h§l§## #..##(.##
#...#### #.... ##...
####


You could see an iguana (inner flame), a hound (inner flame, poisoned), a worker
ant (inner flame) and a bullfrog zombie (wandering).

Vanquished Creatures
  The ghost of songwithinasong the Ruffian, an amateur TrMo (D:4)
  A sky beast (D:5)
  3 ogres
  A scorpion (D:4)
  A howler monkey (D:6)
  3 crimson imps
  An orc wizard (D:2)
  A bullfrog skeleton (D:4)
  2 orc priests (D:5)
  A hound (D:4)
  A centaur skeleton (D:5)
  A worker ant (D:4)
  9 adders
  A gnoll (D:2)
  An adder skeleton (D:4)
  3 worms (D:2)
  5 dart slugs
  5 leopard geckos
  15 orcs
  10 bats
  7 giant cockroaches
  5 hobgoblins
  6 jackals
  5 kobolds
  A quokka (D:2)
  A ball python (D:4)
  4 frilled lizards
  7 goblins
  A jackal zombie (D:5)
  7 rats
110 creatures vanquished.

Vanquished Creatures (others)
  An orc (D:6)
1 creature vanquished.

Grand Total: 111 creatures vanquished

Notes
Turn   | Place    | Note
-------+----------+-------------------------------------------
     0 | D:1      | DearestLeader the Minotaur Berserker began the quest for
                  | the Orb.
     0 | D:1      | Reached XP level 1. HP: 19/19 MP: 0/0
    36 | D:1      | Reached skill level 4 in Axes
    40 | D:1      | Reached XP level 2. HP: 14/26 MP: 1/1
   692 | D:1      | Reached skill level 5 in Axes
   934 | D:1      | Reached XP level 3. HP: 28/31 MP: 2/2
  1635 | D:2      | Reached XP level 4. HP: 32/39 MP: 3/3
  1717 | D:2      | Reached ** piety under Trog
  1907 | D:2      | Reached skill level 6 in Axes
  2089 | D:2      | Reached XP level 5. HP: 26/45 MP: 4/4
  2789 | D:3      | Found a shadowy altar of Dithmenos.
  2853 | D:3      | Found a glowing golden altar of the Shining One.
  3482 | D:4      | Reached skill level 7 in Axes
  3487 | D:4      | Reached XP level 6. HP: 47/51 MP: 5/5
  3772 | D:4      | Found a staircase to the Ecumenical Temple.
  3792 | D:4      | Found a runed translucent gate.
  3792 | D:4      | Found a runed translucent gate.
  3792 | D:4      | Found a runed translucent gate.
  3792 | D:4      | Noticed songwithinasong's ghost (amateur TrMo)
  4053 | D:4      | Killed songwithinasong's ghost
  4053 | D:4      | Reached skill level 8 in Axes
  4053 | D:4      | Reached skill level 5 in Armour
  4068 | D:5      | Entered Level 5 of the Dungeon
  4203 | D:5      | Reached XP level 7. HP: 17/57 MP: 6/6
  4520 | D:5      | Reached *** piety under Trog
  4589 | D:5      | Reached skill level 9 in Axes
  4754 | D:5      | Found a snail-covered altar of Cheibriados.
  5180 | D:6      | Reached XP level 8. HP: 50/64 MP: 7/7
  5220 | D:6      | Reached skill level 10 in Axes
  5230 | D:6      | Killed from afar by an orc warrior

Illustrated notes

Levels and vault maps discovered:
D:1:      minmay_arrival_checkered_box, layout_loops_ring
D:2:      layout_loops_ring, minmay_close_crescents
D:3:      layout_loops_cross, tso_metal_star, grunt_dithmenos_smoke
D:4:      layout_basic, minmay_temple_entry_ruins, ebering_ghost_rock_garden,
          first_ration
D:5:      layout_rooms, lemuel_doored_altar, hangedman_decor_growths,
          grunt_decor_mini_mirrors, kennysheep_opposing_triangles
D:6:      layout_basic, minmay_joined_circles

Skill      XL: |  1  2  3  4  5  6  7  8 |
---------------+-------------------------+-----
Axes           | 4 5 6 7 8 9 10 | 10.0
Armour         | 3 4 5 6 |  6.5
Fighting       | |  3.6
Dodging        | |  2.1

Action                   |  1- 3 |  4- 6 |  7- 9 || total
-------------------------+-------+-------+-------++-------
Melee: Hand axe          |    94 |   130 |       ||   224
       Headbutt          |    11 |    18 |    11 ||    40
       Mace              |       |    19 |    56 ||    75
Invok: Berserk           |       |     3 |       ||     3
       Trog's Hand       |       |     1 |       ||     1
  Use: Scroll            |       |     5 |     3 ||     8
       Potion            |       |       |     2 ||     2
 Stab: Sleeping          |       |     1 |       ||     1
  Eat: Chunk             |     2 |    11 |     4 ||    17
Armor: Animal skin       |     8 |       |       ||     8
       Ring mail         |    29 |    44 |     4 ||    77
       Chain mail        |       |       |    27 ||    27
Dodge: Dodged            |    73 |    87 |    26 ||   186
